 Dungeon Crawl Stone Soup version 0.29.1-15-g9cfb28693d (webtiles) character file.

Game seed: 4025843762914092358

27 redmage the Digger (level 3, -2/26 HPs)
             Began as a Meteoran Earth Elementalist on Sept 15, 2023.
             Slain by a polar bear (5 damage)
             ... created by the rage of Trog
             ... on level 5 of the Dungeon.
             The game lasted 00:04:01 (342 turns).

redmage the Digger (Meteoran Earth Elementalist)     Turns: 342, Time: 00:04:02

Health: -2/26      AC:  3    Str: 10    XL:     3   Next: 44%
Magic:  9/9        EV: 13    Int: 18    God:
Gold:   60         SH:  5    Dex: 20    Spells: 3/9 levels left

rFire   . . .      SeeInvis .   (no weapon)
rCold   . . .      Faith    .   (no shield)
rNeg    . . .      Spirit   .   a - +0 robe
rPois   .          Reflect  +   (no helmet)
rElec   .          Harm     .   (no cloak)
rCorr   .          Rampage  .   (no gloves)
Will    .....                   h - +0 pair of boots
Stlth   +.........              f - amulet of reflection
HPRegen 0.08/turn               e - +6 ring of dexterity
MPRegen 0.11/turn               (no ring)

@: glowing
A: sense surroundings 1, otherworldly, glowing, explore regen
a: no special abilities


You were on level 5 of the Dungeon.
You visited 1 branch of the dungeon, and saw 6 of its levels.

You collected 60 gold pieces.

Inventory:

Missiles
 d - 3 curare-tipped darts
Armour
 a - a +0 robe (worn)
 h - a +0 pair of boots (worn)
Jewellery
 e - a +6 ring of dexterity (left hand)
 f - an amulet of reflection (around neck)
Scrolls
 i - 2 scrolls of teleportation {unknown}
Potions
 b - a potion of magic
 c - a potion of curing {unknown}
 g - a potion of mutation {unknown}
 j - a potion of haste {unknown}


   Skills:
 - Level 2.4 Dodging
 - Level 1.4 Stealth
 + Level 3.5 Spellcasting
 + Level 0.6 Conjurations
 - Level 1.2 Transmutations
 + Level 4.3 Earth Magic


You had 3 spell levels left.
You knew the following spells:

 Your Spells              Type           Power      Damage    Failure   Level
a - Sandblast             Erth           36%        2d10      2%          1
b - Passwall              Tmut/Erth      10%        N/A       8%          2
c - Stone Arrow           Conj/Erth      24%        3d8       17%         3

Your spell library contained the following spells:

 Spells                   Type           Power      Damage    Failure   Level
 Confusing Touch          Hex            3%         N/A       43%         3
 Petrify                  Tmut/Erth      13%        N/A       43%         4
 Yara's Violent Unravell  Hex/Tmut       2%         3d3       97%         5
 Enfeeble                 Hex            1%         N/A       100%        7


Dungeon Overview and Level Annotations

Branches:
Dungeon (6/15) Zot: 3196
 Temple: D:4-7

Altars:
Trog

Annotations:
D:4 Blork the orc


Innate Abilities, Weirdness & Mutations

You passively map a small area around you.
You are easily found by Zot.
You glow in the dark.
You regain HP and MP as you explore.


Message History

Things that are here:
a +0 dagger; 5 stones
There is a stone staircase leading up here.
There is a stone staircase leading down here.
You climb downwards.
There is a stone staircase leading up here.
You open the door.
An adder comes into view.
Found a stone staircase leading down.
There is an open door here.
Casting: Sandblast (safe; 2% risk of failure)
Confirm with . or Enter, or press ? or * to list all spells.
Aiming: Sandblast (safe; 2% risk of failure)
Press: ? - help, Shift-Dir - straight line, f - adder
Aim: an adder (70% to hit)
The blast of sand hits the adder!
You kill the adder!
Unknown command.
Found a stone staircase leading down.
You feel yourself speed up.
There is a stone staircase leading down here.
You climb downwards.
There is a stone staircase leading up here.
You climb upwards.
There is a stone staircase leading down here.
Found a leather armour.
Trog sends monsters to punish you. 2 polar bears and 2 black bears come into view.
The black bear attacks as you move away!
The black bear bites you.
The black bear claws you but does no damage.
The black bear claws you.
The black bear moves out of view.
You hear an angry growl.
The polar bear rages.
You hear an angry growl.
The polar bear bites you!!
Ouch! That really hurt!
* * * LOW HITPOINT WARNING * * *
The polar bear claws you.
You die...

,
...............#
, , ,
,...............#
...........h...#
###########...#
,, ,
#......##h..# ,,
,
,,,#...........#
, #......##...#,
, , +.....h##...#
* #......@#...# ,
#..[.....#..>#
#.########...# ,,
#, , , #...# ....
, , , ~ ,, , * ,
~~ ,


You could see a polar bear (berserk).

Vanquished Creatures
  An adder (D:5)
  A dart slug (D:3)
  2 ball pythons (D:2)
  3 endoplasms
  2 hobgoblins
  2 kobolds
  A frilled lizard (D:3)
  2 rats (D:2)
14 creatures vanquished.

Notes
Turn   | Place    | Note
-------+----------+-------------------------------------------
     0 | D:1      | redmage the Meteoran Earth Elementalist began the quest for
                  | the Orb.
     0 | D:1      | Reached XP level 1. HP: 14/14 MP: 5/5
    25 | D:1      | Found a faded altar of an unknown god.
    66 | D:1      | Prayed at the altar of an unknown god.
    66 | D:1      | Became a worshipper of Trog the Wrathful
    66 | D:1      | Reached * piety under Trog
    89 | D:1      | Fell from the grace of Trog
   114 | D:2      | Reached XP level 2. HP: 20/20 MP: 5/7
   185 | D:2      | Reached skill level 4 in Earth Magic
   243 | D:4      | Noticed Blork the orc
   298 | D:4      | Reached XP level 3. HP: 25/26 MP: 6/8
   301 | D:4      | Learned a level 2 spell: Passwall
   305 | D:4      | Learned a level 3 spell: Stone Arrow
   319 | D:5      | Entered Level 5 of the Dungeon
   338 | D:5      | Noticed a black bear
   338 | D:5      | Noticed a polar bear
   338 | D:5      | Noticed a polar bear
   338 | D:5      | Noticed a black bear
   342 | D:5      | Slain by a polar bear

Illustrated notes

Levels and vault maps discovered:
D:1:      ldierk_water_garden, layout_rooms,
          hellmonk_ecumenical_altar_pennies_from_heaven
D:2:      layout_loops_cross, serial_glass, glass_columns_a, glass_columns_a,
          glass_columns_a, minivault_26, ebering_dispersal_statue_hall,
          minmay_misc_feat_iff, nrook_campfire, uniq_crazy_yiuf_cottage,
          uniq_robin
D:3:      kennysheep_goblin_castle, layout_basic,
          mainiacjoe_overflow_divided_tiny, uniq_ijyb
D:4:      layout_gridville, nicolae_overflow_squiral, grunt_gozag_statues,
          minmay_temple_entry_drinking_statues, uniq_duvessa, uniq_natasha,
          uniq_blork_the_orc
D:5:      layout_gridville, mainiacjoe_overflow_boulevard,
          chequers_serial_rivers_large_a, uniq_grinder, uniq_prince_ribbit1,
          uniq_edmund
D:6:      layout_loops_ring, uniq_pikel, uniq_sigmund

Skill      XL: |  1  2 |
---------------+-------+-----
Spellcasting   | 3 |  3.5
Earth Magic    | 4 |  4.3
Dodging        | |  2.4
Stealth        | |  1.4
Conjurations   | |  0.6
Transmutations | |  1.2

Action                   || total
-------------------------++-------
Melee: Unarmed           ||     1
 Cast: Sandblast         ||    16
Invok: Renounce Religion ||     1
Armor: Robe              ||     2
Dodge: Dodged            ||     1
